 Dungeon Sprint DCSS version 0.21.1-1-g345015f (webtiles) character file.

393 rlgrobin the Spear-Bearer (level 6, -1/57 HPs)
             Began as a Gnoll Chaos Knight on May 31, 2018.
             Slain by Pahaetagg the pandemonium lord (25 damage)
             ... in the Dungeon (Sprint V: "Ziggurat Sprint").
             The game lasted 00:10:43 (386 turns).

rlgrobin the Spear-Bearer (Gnoll Chaos Knight)       Turns: 386, Time: 00:10:46

Health: -1/57      AC: 18    Str: 28    XL:     6   Next: 81%
Magic:  13/13      EV: 12    Int: 14    God:    Xom [..*...]
Gold:   0          SH:  8    Dex: 15    Spells: 15/15 levels left

rFire    . . .     SeeInvis .   D - +5 fustibalus (flame)
rCold    . . .     Gourm    .   y - +3 buckler
rNeg     . . .     Faith    .   B - +5 shadow dragon scales
rPois    .         Spirit   .   (no helmet)
rElec    .         Reflect  .   (no cloak)
rCorr    .         Harm     .   (no gloves)
MR       .....     NoTele   +   (no boots)
Stlth    ++++......             (no amulet)
HPRegen  0.19/turn              H - +6 ring of strength
MPRegen  0.13/turn              G - +6 ring of strength

@: no status effects
A: distributed training, fangs 1, strong nose
a: Renounce Religion


You were in the Dungeon.
You worshipped Xom.
You were a toy of Xom.
You were not hungry.

You visited 1 branch


Innate Abilities, Weirdness & Mutations

Your experience applies equally to all skills.
You have very sharp teeth.
Your uncanny sense of smell can sniff out nearby items.


   Skills:
 + Level 8.3 Fighting
 + Level 5.0 Short Blades
 + Level 5.0 Long Blades
 + Level 5.0 Axes
 + Level 5.0 Maces & Flails
 + Level 8.3 Polearms
 + Level 5.0 Staves
 + Level 5.0 Slings
 + Level 5.0 Bows
 + Level 5.0 Crossbows
 + Level 5.0 Throwing
 + Level 6.8 Armour
 + Level 5.7 Dodging
 + Level 5.0 Stealth
 + Level 5.0 Shields
 + Level 5.0 Unarmed Combat
 + Level 5.0 Spellcasting
 + Level 4.1 Conjurations
 + Level 4.1 Hexes
 + Level 4.1 Charms
 + Level 4.1 Summonings
 + Level 4.1 Necromancy
 + Level 4.1 Translocations
 + Level 4.1 Transmutations
 + Level 4.1 Fire Magic
 + Level 4.1 Ice Magic
 + Level 4.1 Air Magic
 + Level 4.1 Earth Magic
 + Level 4.1 Poison Magic
 + Level 5.5 Invocations
 + Level 5.0 Evocations


You had 15 spell levels left.
You didn't know any spells.

Inventory:

Hand Weapons
 D - a +5 fustibalus of flaming (weapon)
 M - the +7 Singing Sword
 O - the +8 lance "Wyrmbane" {slay drac, rPois rF+ rC+ AC+3}

   It affects your AC (+3).
   It protects you from fire.
   It protects you from cold.
   It protects you from poison.
 P - the +1 mace of Variability {chaos} Each time it hits an enemy it has a different, random effect.
Missiles
 E - 998 sling bullets (quivered)
Armour
 r - +5 fire dragon scales
 w - a +3 large shield
 x - a +3 shield
 y - a +3 buckler (worn)
 z - +5 gold dragon scales
 A - +5 ice dragon scales
 B - +5 shadow dragon scales (worn)
Jewellery
 C - an uncursed ring of ice
 G - a +6 ring of strength (right hand)
 H - a +6 ring of strength (left hand)
 I - a +6 ring of dexterity
Wands
 J - a wand of acid (7)
 K - a wand of disintegration (7)
 L - a wand of iceblast (7)
Scrolls
 i - 4 scrolls of blinking
 j - 4 scrolls of amnesia
 k - 7 scrolls of fog
 l - a scroll of holy word
 m - 5 scrolls of identify {@r1}
 n - 5 scrolls of remove curse
 o - 2 scrolls of fear
Potions
 d - 10 potions of curing {@q1}
 e - 10 potions of heal wounds {@q2}
 f - 10 potions of haste {@q3}
 g - 7 potions of magic
 h - 3 potions of berserk rage {!q}
 p - 6 potions of agility
 q - 2 potions of brilliance
 s - 2 potions of invisibility
 t - 5 potions of might
 u - 4 potions of resistance
Books
 b - Sif Muna's Reference Book on Ignition and Feathers

   Spells                             Type                      Level
   a - Flame Tongue                   Conjuration/Fire             1
   b - Shock                          Conjuration/Air              1
   c - Conjure Flame                  Conjuration/Fire             3
   d - Sticky Flame                   Conjuration/Fire             4
   e - Bolt of Magma                  Conjuration/Fire/Earth       5
   f - Conjure Ball Lightning         Conjuration/Air              6
 v - the Collected Works on Flight and Evil Secrets

   Spells                             Type                      Level
   a - Shock                          Conjuration/Air              1
   b - Animate Skeleton               Necromancy                   1
   c - Vampiric Draining              Necromancy                   3
   d - Animate Dead                   Necromancy                   4
   e - Bolt of Draining               Conjuration/Necromancy       5
 N - The Intricacies of Spellcasting

   Spells                             Type                      Level
   a - Ring of Flames                 Charms/Fire                  7
   b - Spellforged Servitor           Conjuration/Summoning        7
   c - Summon Hydra                   Summoning                    7
   d - Malign Gateway                 Summoning/Translocation      7
Miscellaneous
 F - a lightning rod (4/4) {!a}
 Q - a box of beasts
Comestibles
 a - a chunk of flesh
 c - 7 rations

Dungeon Overview and Level Annotations

Branches:
Dungeon (1/1)

Altars:
Ashenzari
Cheibriados
Dithmenos
Elyvilon
Fedhas
Gozag
Hepliaklqana
Kikubaaqudgha
Makhleb
Nemelex Xobeh
Okawaru
Qazlal
Ru
Sif Muna
Trog
Uskayaw
Vehumet
Wu Jian
Xom
Yredelemnul
Zin
The Shining One
Beogh
Jiyva
Lugonu

∆∆∆∆
▓..[=)..▓
∆∆∆
▓..:))..▓
▓.......▓
▓.......▓
▓....4..▓
▓...435.▓
▓.▓..&▓.▓
▓...©g..▓
▓▓▓▓▓▓▓▓▓
∆∆∆∆∆ ∆∆∆
∆∆∆ ∆∆∆


You could see Pahaetagg, an ice devil, a rust devil, a smoke demon and a crimson
imp.


Message History

HP restored!
Health restored: 57 Wield which item (- for none, * to show all)? (? for menu, Esc to quit)
The Singing Sword sighs!
Your +5 fustibalus of flaming bursts into flame!!!
D - a +5 fustibalus of flaming (weapon)
There is a transporter here!
Welcome to arena 6!
You enter the transporter and appear at another place!
A crimson imp, a quasit, a smoke demon, an ice devil, a rust devil and a pandemonium lord come into view!
Found six items!
Here: Pahaetagg (resting)
A book of Alchemy!
The floor!
Unknown command!
The crimson imp shouts!!!
The smoke demon roars!!!
Pahaetagg gurgles, "I will feast on thy liver!!!"
Wear which item? (? for menu, Esc to quit)
The smoke demon gestures at you! Something smites you!!!
Keep disrobing?
Some of the chunks of flesh in your inventory have rotted away!
The crimson imp blinks!!!
Xom grants you insight!
You detect items!!!
Pahaetagg hits you!
Pahaetagg hits you!!!!!! * * * don't die
* * * Xom thinks this is hilarious!!!
Pahaetagg hits you!!!!!! rip Xom cackles wildly!!!

Action                   |  1- 3 |  4- 6 || total
-------------------------+-------+-------++-------
Melee: Double sword      |       |    12 ||    12
       Bite              |       |     1 ||     1
 Fire: Fustibalus        |     7 |     9 ||    16
  Use: Potion            |     1 |       ||     1
       Scroll            |       |     1 ||     1
Armor: Shadow dragon sca |       |     4 ||     4
Dodge: Dodged            |     1 |     7 ||     8
Block: Buckler           |       |     7 ||     7
       Rpst.: Double sword |       |     2 ||     2

Vault maps used:
D:        sprint_v

Notes
Turn   | Place    | Note
-------+----------+-------------------------------------------
     0 | D        | Found the +6 Majin-Bo {vamp, Archmagi MP+6 Int+6}
     0 | D        | Found the +7 great mace "Firestarter" {inner flame, rF++}
     0 | D        | rlgrobin the Gnoll Chaos Knight began the quest for the Orb.
     0 | D        | Reached XP level 1. HP: 23/23 MP: 1/1
     0 | D        | Found a deep blue altar of Sif Muna.
     0 | D        | Found a sacrificial altar of Ru.
     0 | D        | Found a bloodstained altar of Trog.
     0 | D        | Found a stormy altar of Qazlal.
     0 | D        | Found an iron altar of Okawaru.
     0 | D        | Found a sparkling altar of Nemelex Xobeh.
     0 | D        | Found a blossoming altar of Fedhas.
     2 | D        | Found a transporter.
     2 | D        | Found an ancient bone altar of Kikubaaqudgha.
     2 | D        | Found a viscous altar of Jiyva.
     2 | D        | Found a corrupted altar of Lugonu.
     2 | D        | Found a hazy altar of Hepliaklqana.
     2 | D        | Found a burning altar of Makhleb.
     2 | D        | Found an opulent altar of Gozag.
    18 | D        | Reached skill level 7 in Fighting
    18 | D        | Reached skill level 2 in Short Blades
    18 | D        | Reached skill level 2 in Long Blades
    18 | D        | Reached skill level 2 in Axes
    18 | D        | Reached skill level 2 in Maces & Flails
    18 | D        | Reached skill level 7 in Polearms
    18 | D        | Reached skill level 2 in Staves
    18 | D        | Reached skill level 2 in Slings
    18 | D        | Reached skill level 2 in Bows
    18 | D        | Reached skill level 2 in Crossbows
    18 | D        | Reached skill level 2 in Throwing
    18 | D        | Reached skill level 5 in Armour
    18 | D        | Reached skill level 3 in Dodging
    18 | D        | Reached skill level 2 in Stealth
    18 | D        | Reached skill level 2 in Shields
    18 | D        | Reached skill level 2 in Unarmed Combat
    18 | D        | Reached skill level 2 in Spellcasting
    18 | D        | Reached skill level 1 in Conjurations
    18 | D        | Reached skill level 1 in Hexes
    18 | D        | Reached skill level 1 in Charms
    18 | D        | Reached skill level 1 in Summonings
    18 | D        | Reached skill level 1 in Necromancy
    18 | D        | Reached skill level 1 in Translocations
    18 | D        | Reached skill level 1 in Transmutations
    18 | D        | Reached skill level 1 in Fire Magic
    18 | D        | Reached skill level 1 in Ice Magic
    18 | D        | Reached skill level 1 in Air Magic
    18 | D        | Reached skill level 1 in Earth Magic
    18 | D        | Reached skill level 1 in Poison Magic
    18 | D        | Reached skill level 2 in Invocations
    18 | D        | Reached skill level 2 in Evocations
    18 | D        | Reached XP level 2. HP: 31/31 MP: 1/5
    73 | D        | Found the +9 heavy crossbow "Sniper" {velocity, Acc+∞ SInv}
    73 | D        | Found the +10 dark maul {crush}
    73 | D        | Found the +15 Maxwell's patent armour {-Cast -Tele rElec MR+ rCorr}
    73 | D        | Found the +18 shield of the Gong {rElec rN+ MR+ EV-5}
    73 | D        | Found the cursed +14 obsidian axe {chop, +Fly SInv *Curse}
    75 | D        | Found the +6 shillelagh "Devastator" {shatter}
    75 | D        | Found the +11 plutonium sword {*Contam Stlth-}
    75 | D        | Found the +8 lance "Wyrmbane" {slay drac, rPois rF+ rC+ AC+3}
    75 | D        | Found the +9 sword of Zonguldrok {reap}
    75 | D        | Found the cursed +13 scythe of Curses {drain, *Curse}
    75 | D        | Found the +0 sword of Power
    75 | D        | Found the +1 mace of Variability {chaos}
    75 | D        | Found the +7 Singing Sword
    75 | D        | Found the +7 longbow "Piercer" {penet, EV-2}
    98 | D        | Entered arena 2.
    98 | D        | Found a transporter.
   100 | D        | Reached skill level 2 in Conjurations
   100 | D        | Reached skill level 2 in Hexes
   100 | D        | Reached skill level 2 in Charms
   100 | D        | Reached skill level 2 in Summonings
   100 | D        | Reached skill level 2 in Necromancy
   100 | D        | Reached skill level 2 in Translocations
   100 | D        | Reached skill level 2 in Transmutations
   100 | D        | Reached skill level 2 in Fire Magic
   100 | D        | Reached skill level 2 in Ice Magic
   100 | D        | Reached skill level 2 in Air Magic
   100 | D        | Reached skill level 2 in Earth Magic
   100 | D        | Reached skill level 2 in Poison Magic
   102 | D        | Reached skill level 3 in Invocations
   102 | D        | Reached XP level 3. HP: 36/36 MP: 7/7
   114 | D        | Entered arena 3.
   114 | D        | Found a transporter.
   117 | D        | Reached skill level 3 in Short Blades
   117 | D        | Reached skill level 3 in Long Blades
   117 | D        | Reached skill level 3 in Axes
   117 | D        | Reached skill level 3 in Maces & Flails
   117 | D        | Reached skill level 3 in Staves
   117 | D        | Reached skill level 3 in Slings
   117 | D        | Reached skill level 3 in Bows
   117 | D        | Reached skill level 3 in Crossbows
   117 | D        | Reached skill level 3 in Throwing
   117 | D        | Reached skill level 4 in Dodging
   117 | D        | Reached skill level 3 in Stealth
   117 | D        | Reached skill level 3 in Shields
   117 | D        | Reached skill level 3 in Unarmed Combat
   117 | D        | Reached skill level 3 in Spellcasting
   117 | D        | Reached skill level 3 in Evocations
   117 | D        | Reached XP level 4. HP: 43/43 MP: 8/8
   132 | D        | Identified Sif Muna's Reference Book on Ignition and Feathers (You found it in the Dungeon)
   134 | D        | Identified Sif Muna's Reference Book on Ignition and Feathers (You found it in the Dungeon)
   154 | D        | XOM: silly message
   161 | D        | Entered arena 4.
   161 | D        | Noticed a porcupine
   161 | D        | Noticed a porcupine
   161 | D        | Found a transporter.
   162 | D        | Killed a porcupine
   162 | D        | Reached skill level 6 in Armour
   162 | D        | Reached skill level 3 in Conjurations
   162 | D        | Reached skill level 3 in Hexes
   162 | D        | Reached skill level 3 in Charms
   162 | D        | Reached skill level 3 in Summonings
   162 | D        | Reached skill level 3 in Necromancy
   162 | D        | Reached skill level 3 in Translocations
   162 | D        | Reached skill level 3 in Transmutations
   162 | D        | Reached skill level 3 in Fire Magic
   162 | D        | Reached skill level 3 in Ice Magic
   162 | D        | Reached skill level 3 in Air Magic
   162 | D        | Reached skill level 3 in Earth Magic
   162 | D        | Reached skill level 3 in Poison Magic
   162 | D        | Reached skill level 4 in Invocations
   162 | D        | Reached XP level 5. HP: 49/49 MP: 8/10
   163 | D        | Killed a porcupine
   163 | D        | Reached skill level 8 in Fighting
   163 | D        | Reached skill level 4 in Short Blades
   163 | D        | Reached skill level 4 in Long Blades
   163 | D        | Reached skill level 4 in Axes
   163 | D        | Reached skill level 4 in Maces & Flails
   163 | D        | Reached skill level 8 in Polearms
   163 | D        | Reached skill level 4 in Staves
   163 | D        | Reached skill level 4 in Slings
   163 | D        | Reached skill level 4 in Bows
   163 | D        | Reached skill level 4 in Crossbows
   163 | D        | Reached skill level 4 in Throwing
   163 | D        | Reached skill level 5 in Dodging
   163 | D        | Reached skill level 4 in Stealth
   163 | D        | Reached skill level 4 in Shields
   163 | D        | Reached skill level 4 in Unarmed Combat
   163 | D        | Reached skill level 4 in Spellcasting
   163 | D        | Reached skill level 4 in Evocations
   163 | D        | Reached XP level 6. HP: 56/56 MP: 8/12
   189 | D        | Entered arena 5.
   189 | D        | Found a transporter.
   190 | D        | Reached skill level 5 in Invocations
   194 | D        | Reached skill level 4 in Conjurations
   194 | D        | Reached skill level 4 in Hexes
   194 | D        | Reached skill level 4 in Charms
   194 | D        | Reached skill level 4 in Summonings
   194 | D        | Reached skill level 4 in Necromancy
   194 | D        | Reached skill level 4 in Translocations
   194 | D        | Reached skill level 4 in Transmutations
   194 | D        | Reached skill level 4 in Fire Magic
   194 | D        | Reached skill level 4 in Ice Magic
   194 | D        | Reached skill level 4 in Air Magic
   194 | D        | Reached skill level 4 in Earth Magic
   194 | D        | Reached skill level 4 in Poison Magic
   204 | D        | Identified the Collected Works on Flight and Evil Secrets (You found it in the Dungeon)
   209 | D        | Identified the Collected Works on Flight and Evil Secrets (You found it in the Dungeon)
   289 | D        | Entered arena 6.
   289 | D        | Found a transporter.
   294 | D        | Reached skill level 5 in Short Blades
   294 | D        | Reached skill level 5 in Long Blades
   294 | D        | Reached skill level 5 in Axes
   294 | D        | Reached skill level 5 in Maces & Flails
   294 | D        | Reached skill level 5 in Staves
   294 | D        | Reached skill level 5 in Slings
   294 | D        | Reached skill level 5 in Bows
   294 | D        | Reached skill level 5 in Crossbows
   294 | D        | Reached skill level 5 in Throwing
   294 | D        | Reached skill level 5 in Stealth
   294 | D        | Reached skill level 5 in Shields
   294 | D        | Reached skill level 5 in Unarmed Combat
   294 | D        | Reached skill level 5 in Spellcasting
   294 | D        | Reached skill level 5 in Evocations
   306 | D        | Identified The Intricacies of Spellcasting (You found it in the Dungeon)
   306 | D        | Identified The Intricacies of Spellcasting (You found it in the Dungeon)
   380 | D        | Entered arena 7.
   380 | D        | Noticed an ice devil
   380 | D        | Noticed Pahaetagg the pandemonium lord
   380 | D        | Noticed a smoke demon
   380 | D        | Noticed a rust devil
   385 | D        | XOM: divination: detect items
   386 | D        | Slain by Pahaetagg the pandemonium lord

Vanquished Creatures
  2 porcupines (D)
  4 orc priests (D)
  An orc wizard (D)
  An iguana (D)
  A river rat (D)
  7 orcs (D)
  2 jackals (D)
18 creatures vanquished.
